 Dungeon Sprint DCSS version 0.31-a0-18-gea43df2a32 (webtiles) character file.

Game seed: 13494096289906422175

20215 bmack86 the Slayer (level 12, -17/137 HPs)
             Began as a Minotaur Berserker on May 10, 2023.
             Was a Priest of Trog.
             Demolished by Lom Lobon (21 damage)
             ... in the Dungeon (Sprint I: "Red Sonja").
             The game lasted 00:24:22 (1996 turns).

bmack86 the Slayer (Minotaur Berserker)             Turns: 1996, Time: 00:24:23

Health: -17/137    AC: 24    Str: 25    XL:     12   Next: 43%
Magic:  0/11       EV:  9    Int:  6    God:    Trog [***...]
Gold:   1410       SH:  0    Dex: 16    Spells: 11/11 levels left

rFire   . . .        y - +6 broad axe of the Several Wishes {flame, rN+ rCorr Dex+4}
rCold   . . .        (no shield)
rNeg    + . .        A - +0 plate armour
rPois   .            (helmet restricted)
rElec   .            b - scarf {repulsion}
rCorr   +            j - +0 pair of gloves
SInv    .            s - +2 pair of boots {Fly}
Will    ++++.        u - amulet of regeneration Stlth
                     p - +4 ring of protection
HPRegen 2.22/turn    C - ring of Foij {Will+ Int+2}
MPRegen 0.12/turn

%: no teleportation, random rage (3%), repel missiles
@: strong-willed, flying, regenerating
A: horns 2, retaliatory headbutt, berserk 1, deformed body, strong-willed 1,
MP-powered wands
a: Renounce Religion, Berserk, Trog's Hand


You were in the Dungeon.
You worshipped Trog.
Trog was most pleased with you.
You visited 1 branch You collected 4169 gold pieces.
You spent 2759 gold pieces at shops.

Inventory:

Hand Weapons
 e - a +2 heavy executioner's axe
 o - a +0 war axe
 w - a +4 lajatang of flaming
 y - the +6 broad axe of the Several Wishes (weapon) {flame, rN+ rCorr Dex+4}
   (You acquired it in the Dungeon)

   Dex:       It affects your dexterity (+4).
   rN:        It protects you from negative energy.
   rCorr:     It protects you from acid and corrosion.
Missiles
 k - 2 curare-tipped darts (quivered)
Armour
 a - a +3 scale mail of cold resistance
 b - a scarf of repulsion (worn)
 j - a +0 pair of gloves (worn)
 s - a +2 pair of boots of flying (worn)
 A - a +0 plate armour (worn)
Jewellery
 l - a ring of fire
 p - a +4 ring of protection (left hand)
 u - an amulet of regeneration (around neck)
 z - a +6 ring of intelligence
 B - a +6 ring of strength
 C - the ring of Foij (right hand) {Will+ Int+2}
   (You found it in the Dungeon)

   [ring of willpower]

   Int:       It affects your intelligence (+2).
   Will:      It increases your willpower.
Wands
 i - a wand of mindburst (10)
 m - a wand of paralysis (1)
Scrolls
 r - a scroll of fear
 x - 2 scrolls of fog
Potions
 c - 2 potions of curing
 d - a potion of haste
 f - 2 potions of magic
 g - a potion of berserk rage
 n - 2 potions of attraction
 q - 2 potions of lignification
 t - a potion of flight
 v - a potion of ambrosia
Miscellaneous
 h - a phial of floods
 D - a lightning rod (4/4)


   Skills:
 + Level 21.8 Fighting
 - Level 18.0 Axes
 - Level 10.0 Throwing
 + Level 21.5 Armour
 - Level 2.1 Dodging
 - Level 8.0 Evocations


You had 11 spell levels left.
You didn't know any spells.
Your spell library was empty.

Dungeon Overview and Level Annotations

Branches:
Dungeon (1/1)

Altars:
Cheibriados
Dithmenos
Elyvilon
Fedhas
Gozag
Hepliaklqana
Kikubaaqudgha
Makhleb
Nemelex Xobeh
Okawaru
Qazlal
Ru
Sif Muna
Trog
Uskayaw
Vehumet
Wu Jian
Xom
Yredelemnul
Zin
The Shining One
Jiyva
Lugonu

Shops:
D [?!**=:*?!?[:[(**[:[[

Annotations:
D Lom Lobon


Innate Abilities, Weirdness & Mutations

You have a pair of horns on your head.
You reflexively headbutt those who attack you in melee.
You sometimes lose your temper in combat.
Armour fits poorly on your strangely shaped body.
You are strong-willed. (Will+)
You expend magic power (3 MP) to strengthen your wands.


Message History

The ball lightning explodes!
The blast of lightning engulfs the ball lightning.
The ball lightning completely resists.
The blast of lightning engulfs you!!
The blast of lightning engulfs Lom Lobon.
Lom Lobon completely resists.
The blast of lightning engulfs the ball lightning.
The ball lightning completely resists.
Lom Lobon gestures.
A freezing vortex appears around Lom Lobon!
You miss Lom Lobon.
You strike the helpless ball lightning from behind!
You slash the ball lightning! x2
The ball lightning explodes!
The blast of lightning engulfs you!!
The blast of lightning engulfs the ball lightning.
The ball lightning completely resists.
The blast of lightning engulfs Lom Lobon.
Lom Lobon completely resists.
You are engulfed in whirling frost.
The ball lightning explodes!
The blast of lightning engulfs you!!!
The blast of lightning engulfs Lom Lobon.
Lom Lobon completely resists.
Lom Lobon hits you.
You feel your power leaking away.
You slash Lom Lobon! You burn Lom Lobon.
Lom Lobon is lightly wounded.
You are engulfed in whirling frost.
* * * LOW HITPOINT WARNING * * *
You closely miss Lom Lobon. You headbutt Lom Lobon!
Lom Lobon is lightly wounded.
You are engulfed in whirling frost.
* * * LOW HITPOINT WARNING * * *
Lom Lobon hits you.
* * * LOW HITPOINT WARNING * * *
Unknown command.
You miss Lom Lobon.
Lom Lobon is lightly wounded.
You are engulfed in whirling frost.
* * * LOW HITPOINT WARNING * * *
Lom Lobon hits you!!
You die...

,,,***^,,,#~~~~~#######*.○$,*
**#*,^,,####~~~~#~~~~~#.○○.,*
^,^.^,,^#..#'†~~'~~.~°'.○°.,*
,,°§§,,,#...##~~#~~~~~#~°○.,#
,,°^○§,,#....######§#####~~~#
**○§§§°,#....#§§§§§§§§≈≈##°○#
,*.§...&#######§§§§§§§§≈≈≈≈~#
**..§§§.§:.#.=§§§§§§§§§~~#≈≈#
,,....°°#..'[)#§@&§§§§§~~~#~*
**#####*###################**


You could see Lom Lobon (vortex).

Vanquished Creatures
  the Lernaean hydra (D)
  A deep elf master archer (D)
  A mummy priest (D)
  2 centaur warriors (D)
  Sonja (D)
  A deep troll (D)
  2 oklob plants (D)
  A merfolk siren (D)
  4 demonic crawlers (D)
  2 kobold demonologists (D)
  A hellwing (D)
  4 hornets (D)
  Sigmund (D)
  A slime creature (D)
  11 hogs (D)
  A yak (D)
  2 redbacks (D)
  2 floating eyes (D)
  An ogre (D)
  5 jellies (D)
  Ijyb (D)
  A ball lightning (D)
  A ballistomycete spore (D)
48 creatures vanquished.

Vanquished Creatures (collateral kills)
  A deep elf annihilator (D)
  A hydra (D)
  A lindwurm (D)
  8 shining eyes (D)
  A merfolk siren (D)
  A gargoyle (D)
  2 unseen horrors (D)
  A hornet (D)
  2 hogs (D)
  5 floating eyes (D)
  7 necrophages (D)
  3 jellies (D)
33 creatures vanquished.

Vanquished Creatures (others)
  2 ball lightnings (D)
  A ballistomycete spore (D)
3 creatures vanquished.

Grand Total: 84 creatures vanquished

Notes
Turn   | Place    | Note
-------+----------+-------------------------------------------
     0 | D        | bmack86 the Minotaur Berserker began the quest for the Orb.
     0 | D        | Reached XP level 1. HP: 19/19 MP: 0/0
     2 | D        | Noticed Ijyb
     8 | D        | Killed Ijyb
     9 | D        | Reached skill level 5 in Fighting
     9 | D        | Reached skill level 5 in Axes
     9 | D        | Reached XP level 2. HP: 29/29 MP: 1/1
    50 | D        | Noticed an ogre
    55 | D        | Killed an ogre
    56 | D        | Reached XP level 3. HP: 38/38 MP: 2/2
    56 | D        | Reached XP level 4. HP: 45/45 MP: 3/3
   109 | D        | Noticed Sigmund
   115 | D        | Killed Sigmund
   115 | D        | Reached ** piety under Trog
   116 | D        | Reached XP level 5. HP: 56/56 MP: 4/4
   116 | D        | Reached XP level 6. HP: 62/62 MP: 5/5
   143 | D        | Found a burning altar of Makhleb.
   143 | D        | Found a viscous altar of Jiyva.
   143 | D        | Found a shimmering altar of Xom.
   143 | D        | Found a corrupted altar of Lugonu.
   143 | D        | Noticed a slime creature
   149 | D        | Killed a slime creature
   150 | D        | Reached skill level 5 in Evocations
   196 | D        | Noticed a kobold demonologist
   196 | D        | Noticed a floating eye
   196 | D        | Noticed a kobold demonologist
   198 | D        | Killed a floating eye
   199 | D        | Reached skill level 10 in Fighting
   199 | D        | Reached skill level 10 in Axes
   199 | D        | Reached XP level 7. HP: 72/72 MP: 6/6
   200 | D        | Noticed a chaos spawn
   206 | D        | Killed a kobold demonologist
   206 | D        | Reached *** piety under Trog
   206 | D        | Killed a kobold demonologist
   207 | D        | Reached XP level 8. HP: 82/82 MP: 1/7
   243 | D        | Found an ornate altar of the Wu Jian Council.
   243 | D        | Found a shimmering blue altar of Sif Muna.
   245 | D        | Found a radiant altar of Vehumet.
   276 | D        | Found Muphufad's Assorted Antiques.
   276 | D        | Found an ancient bone altar of Kikubaaqudgha.
   276 | D        | Found a hazy altar of Hepliaklqana.
   276 | D        | Found a stormy altar of Qazlal.
   276 | D        | Found a hide-covered altar of Uskayaw.
   276 | D        | Found a blossoming altar of Fedhas.
   276 | D        | Found a bloodstained altar of Trog.
   276 | D        | Found an iron altar of Okawaru.
   276 | D        | Found a basalt altar of Yredelemnul.
   276 | D        | Found a glowing golden altar of the Shining One.
   276 | D        | Found a snail-covered altar of Cheibriados.
   276 | D        | Found a sacrificial altar of Ru.
   276 | D        | Found a glowing silver altar of Zin.
   276 | D        | Found a shadowy altar of Dithmenos.
   276 | D        | Found a white marble altar of Elyvilon.
   286 | D        | Reached **** piety under Trog
   287 | D        | Found an opulent altar of Gozag.
   288 | D        | Found a sparkling altar of Nemelex Xobeh.
   292 | D        | Bought a red potion for 16 gold pieces
   292 | D        | Bought a curved ivory wand for 72 gold pieces
   292 | D        | Bought a yellow potion for 16 gold pieces
   292 | D        | Bought a war axe for 63 gold pieces
   292 | D        | Bought a scroll labelled GOECKU HUJAPINN for 18 gold pieces
   330 | D        | Noticed Sonja
   332 | D        | Killed Sonja
   403 | D        | Bought a scale mail for 72 gold pieces
   427 | D        | Noticed a deep troll
   436 | D        | Killed a deep troll
   437 | D        | Reached XP level 9. HP: 87/94 MP: 8/8
   446 | D        | Found Mesy's Armour Emporium.
   451 | D        | Bought a +3 scale mail of cold resistance for 286 gold
                  | pieces
   451 | D        | Bought a scarf of repulsion for 132 gold pieces
   531 | D        | Noticed a centaur warrior
   532 | D        | Noticed a centaur warrior
   541 | D        | Killed a centaur warrior
   545 | D        | Killed a centaur warrior
   694 | D        | Reached ***** piety under Trog
   745 | D        | Noticed an oklob plant
   750 | D        | Killed an oklob plant
   751 | D        | Reached skill level 15 in Fighting
   751 | D        | Reached skill level 5 in Throwing
   751 | D        | Reached XP level 10. HP: 105/105 MP: 9/9
   767 | D        | Reached skill level 15 in Axes
   936 | D        | Reached skill level 15 in Armour
   954 | D        | Received a gift from Trog
   984 | D        | Found Urphimef's Assorted Antiques.
   984 | D        | Found Iffom's Book Shop.
   984 | D        | Found Pemuruis's Magic Scroll Boutique.
   986 | D        | Found Kiugao's Distillery.
   986 | D        | Found Guiphaep's Magic Scroll Shop.
   986 | D        | Found Zebb's Armour Shoppe.
   986 | D        | Found Resired's Book Boutique.
   986 | D        | Found Doilin's Armour Emporium.
   986 | D        | Found Ifepn's Weapon Shop.
   986 | D        | Found Uloil's Assorted Antiques.
   989 | D        | Bought a viscous black potion for 18 gold pieces
   989 | D        | Bought a square jade amulet for 105 gold pieces
   989 | D        | Bought a brown potion for 18 gold pieces
   989 | D        | Bought a scroll labelled KUNENY UMMI for 21 gold pieces
   989 | D        | Bought a scroll labelled COUKKI OSEI for 21 gold pieces
   990 | D        | Bought a scroll of identify for 22 gold pieces
   990 | D        | Bought a scroll of identify for 22 gold pieces
   990 | D        | Bought a scroll of identify for 22 gold pieces
   994 | D        | Found Byrasiag's General Store.
   995 | D        | Found Syvuadin's Book Emporium.
   995 | D        | Found Fymausk's Antique Armour Boutique.
   996 | D        | Found Vurria's Armour Emporium.
  1001 | D        | Bought a scroll labelled VUSA BOSSI NOTZ for 20 gold pieces
  1001 | D        | Bought a scroll labelled COUKKI OSEI for 20 gold pieces
  1008 | D        | Bought a scroll of acquirement for 572 gold pieces
  1008 | D        | Bought a scroll of identify for 22 gold pieces
  1009 | D        | Acquired 1095 gold pieces
  1017 | D        | Bought a scroll of acquirement for 676 gold pieces
  1017 | D        | Acquired the +6 broad axe of the Several Wishes {flame, rN+
                  | rCorr Dex+4}
  1022 | D        | Bought a scroll of identify for 26 gold pieces
  1022 | D        | Bought a scroll of enchant armour for 97 gold pieces
  1022 | D        | Bought a scroll of magic mapping for 97 gold pieces
  1032 | D        | Bought a +0 plate armour for 230 gold pieces
  1103 | D        | Found Edaycay's Antique Armour Boutique.
  1130 | D        | Noticed a shining eye
  1130 | D        | Noticed a shining eye
  1130 | D        | Noticed a shining eye
  1130 | D        | Noticed a shining eye
  1130 | D        | Noticed a shining eye
  1130 | D        | Noticed a shining eye
  1132 | D        | Killed a shining eye
  1133 | D        | Paralysed by a floating eye for 4 turns
  1137 | D        | Killed a shining eye
  1137 | D        | Killed a shining eye
  1137 | D        | Gained mutation: You have hidden genetic defects. [a
                  | shining eye]
  1139 | D        | Killed a shining eye
  1141 | D        | Paralysed by a floating eye for 3 turns
  1141 | D        | Killed a shining eye
  1142 | D        | Reached XP level 11. HP: 116/116 MP: 10/10
  1142 | D        | Killed a shining eye
  1148 | D        | Noticed a shining eye
  1148 | D        | Noticed a shining eye
  1148 | D        | Gained mutation: You sometimes lose your temper in combat.
                  | [a shining eye]
  1150 | D        | Killed a shining eye
  1152 | D        | Killed a shining eye
  1152 | D        | Received a gift from Trog
  1154 | D        | Gained mutation: You are weak. (Str -2) [hidden defects]
  1203 | D        | Found Opsy's Assorted Antiques.
  1203 | D        | Found Demaefes's Magic Scroll Shoppe.
  1203 | D        | Found Richoloane's Jewellery Boutique.
  1203 | D        | Found Gyomem's Distillery.
  1223 | D        | Bought 2 silvery potions for 48 gold pieces
  1223 | D        | Bought a scroll labelled CYOD ASIUNEYQO for 27 gold pieces
  1296 | D        | Noticed a lindwurm
  1303 | D        | Killed a lindwurm
  1304 | D        | Reached skill level 10 in Throwing
  1330 | D        | Gained mutation: You have terrible hidden genetic defects.
                  | [hidden defects]
  1330 | D        | Lost mutation: You have terrible hidden genetic defects.
                  | [hidden defects expressed]
  1335 | D        | Reached ****** piety under Trog
  1355 | D        | Noticed a 12-headed hydra
  1359 | D        | Killed a 13-headed hydra
  1377 | D        | Gained mutation: You do not regenerate when monsters are
                  | visible. [hidden defects]
  1446 | D        | Noticed a deep elf annihilator
  1467 | D        | Killed a deep elf annihilator
  1468 | D        | Noticed a mummy priest
  1469 | D        | Reached XP level 12. HP: 40/133 MP: 11/11
  1476 | D        | Gained mutation: You are frail. (-10% HP) [hidden defects]
  1476 | D        | Lost mutation: You have hidden genetic defects. [hidden
                  | defects expressed]
  1584 | D        | Noticed a daeva
  1604 | D        | Lost mutation: You do not regenerate when monsters are
                  | visible. [potion of mutation]
  1604 | D        | Lost mutation: You are frail. (-10% HP) [potion of
                  | mutation]
  1604 | D        | Gained mutation: You are clumsy. (Dex -2) [potion of
                  | mutation]
  1604 | D        | Gained mutation: You are vulnerable to cold. (rC-) [potion
                  | of mutation]
  1604 | D        | Lost mutation: You are weak. (Str -2) [potion of mutation]
  1604 | D        | Gained mutation: You are strong-willed. (Will+) [potion of
                  | mutation]
  1605 | D        | Lost mutation: You are strong-willed. (Will+) [potion of
                  | mutation]
  1605 | D        | Lost mutation: You are vulnerable to cold. (rC-) [potion of
                  | mutation]
  1605 | D        | Lost mutation: You are clumsy. (Dex -2) [potion of
                  | mutation]
  1605 | D        | Gained mutation: Armour fits poorly on your strangely
                  | shaped body. [potion of mutation]
  1605 | D        | Gained mutation: You are strong-willed. (Will+) [potion of
                  | mutation]
  1605 | D        | Gained mutation: You expend magic power (3 MP) to
                  | strengthen your wands. [potion of mutation]
  1671 | D        | Killed a mummy priest
  1810 | D        | Identified the staff of cold "Wyhu" {Fragile rElec rC+
                  | Will+}
  1824 | D        | Noticed the 27-headed Lernaean hydra
  1833 | D        | Killed the 22-headed Lernaean hydra
  1906 | D        | Noticed a deep elf master archer
  1922 | D        | Killed a deep elf master archer
  1952 | D        | Identified the +3 battleaxe of Filigreed Judgement {freeze,
                  | rPois Stlth+}
  1961 | D        | Identified the ring of Foij {Will+ Int+2}
  1970 | D        | Noticed Lom Lobon
  1996 | D        | HP: 4/137 [Lom Lobon/vortex (20)]
  1996 | D        | Demolished by Lom Lobon

Illustrated notes

Levels and vault maps discovered:
D:        dungeon_sprint_1 [red_sonja_temple_1, red_sonja_temple_small_1]

Skill      XL: |  1  2  3  4  5  6  7  8  9 10 11 12 |
---------------+-------------------------------------+-----
Fighting       | 5 6 8 10 11 13 15 16 20 21 | 21.8
Axes           | 5 6 8 10 11 13 14 16 18 | 18.0
Armour         | 4 6 8 9 11 13 14 16 19 21 | 21.5
Evocations     | 3 4 6 7 8 |  8.0
Throwing       | 5 8 10 | 10.0
Dodging        | |  2.1

Action                     |  1- 3 |  4- 6 |  7- 9 | 10-12 || total
---------------------------+-------+-------+-------+-------++-------
  Melee: Hand axe          |     9 |    10 |    17 |       ||    36
         Headbutt          |     2 |     4 |    12 |    17 ||    35
         War axe           |       |       |    22 |    17 ||    39
         Broad axe         |       |       |       |    71 ||    71
  Throw: Dart              |       |       |       |     3 ||     3
 Invoke: Berserk           |     2 |     3 |     5 |     4 ||    14
         Brothers in Arms  |       |       |       |    17 ||    17
         Trog's Hand       |       |       |       |     2 ||     2
  Evoke: Wand              |       |       |     2 |     1 ||     3
    Use: Scroll            |       |       |     2 |    14 ||    16
         Potion            |       |       |       |     8 ||     8
   Stab: Distracted        |       |       |       |     1 ||     1
 Armour: Leather armour    |       |       |     3 |       ||     3
         Scale mail        |       |       |    10 |    16 ||    26
         Plate armour      |       |       |       |   179 ||   179
  Dodge: Dodged            |     2 |     2 |    15 |    42 ||    61
         Repelled          |       |       |     1 |     1 ||     2

Table legend: (Time is in decaauts)
 A = Elapsed time spent in this place.
 B = Non-inter-level travel time spent in this place.
 C = Inter-level travel time spent in this place.
 D = Time resting spent in this place.
 E = Time spent auto-exploring this place.
 F = Levels seen in this place.
 G = Mean time per level.
                   A        B        C        D        E       F      G
               +--------+--------+--------+--------+--------+-----+--------+
         Total |   2081 |   2081 |      0 |    807 |     33 |   1 | 2081.0 |
       Dungeon |   2081 |   2081 |      0 |    807 |     33 |   1 | 2081.0 |
               +--------+--------+--------+--------+--------+-----+--------+

Top non-repeatable levels by time:
       D: 2081 daAuts
